 Dungeon Sprint DCSS version 0.32-a0-433-g08bcfe7efd (webtiles) character file.

Game seed: 1405685945720618888

104 rocky1 the Covert (level 4, -6/31 HPs)
             Began as an Octopode Brigand on Feb 23, 2024.
             Mangled by Sigmund
             ... wielding a +0 scythe of protection
              (11 damage)
             ... in the Dungeon (Sprint I: "Red Sonja").
             The game lasted 00:00:45 (294 turns).

rocky1 the Covert (Octopode Brigand)                 Turns: 294, Time: 00:00:46

Health: -6/31      AC:  1    Str: 10    XL:     4   Next: 80%
Magic:  4/4        EV: 14    Int: 13    God:
Gold:   54         SH:  0    Dex: 15    Spells: 3/3 levels left

rFire   . . .        a - +2 dagger
rCold   . . .        (no shield)
rNeg    . . .        (helmet restricted)
rPois   .            (no amulet)
rElec   .            (no ring)
rCorr   .            (no ring)
SInv    .            (no ring)
Will    .....        (no ring)
Stlth   ++++++       (no ring)
HPRegen 0.25/turn    (no ring)
MPRegen 0.09/turn    (no ring)
                     (no ring)

%: no teleportation
@: no status effects
A: almost no armour, amphibious, 8 rings, camouflage 1, gelatinous body 1,
(nimble swimmer 1), tentacles
a: no special abilities


You were in the Dungeon.
You visited 1 branch You collected 54 gold pieces.

Inventory:

Hand Weapons
 a - a +2 dagger (weapon)
Missiles
 b - 9 poisoned darts (quivered)
 c - 3 curare-tipped darts
Wands
 j - a wand of flame (25)
Scrolls
 i - a scroll of blinking
Potions
 d - a potion of curing
 e - a potion of heal wounds
 f - a potion of haste
 g - 2 potions of magic


   Skills:
 + Level 3.2 Fighting
 + Level 3.4 Short Blades
 - Level 2.0 Throwing
 * Level 4.0 Dodging
 + Level 11.3 Stealth


You had 3 spell levels left.
You didn't know any spells.
Your spell library was empty.

Dungeon Overview and Level Annotations

Branches:
Dungeon (1/1)

Altars:

Annotations:
D Sigmund


Innate Abilities, Weirdness & Mutations

You cannot wear most types of armour.
You are amphibious.
You can wear up to eight rings at the same time.
Your skin changes colour to match your surroundings (Stealth+).
Your rubbery body absorbs attacks. (AC +1, EV +1)
((You are camouflaged when in or above water. (Stealth+)))
You have tentacles for arms and can constrict up to eight enemies at once.


Message History

Sigmund is moderately wounded.
You constrict Sigmund, but do no damage.
You hit Sigmund but do no damage.
Sigmund is moderately wounded.
You constrict Sigmund.
Sigmund hits you with a +0 scythe of protection.
You hit Sigmund. You squeeze Sigmund, but do no damage.
Sigmund is moderately wounded.
You constrict Sigmund, but do no damage.
You hit Sigmund but do no damage. You squeeze Sigmund!
Sigmund is severely wounded.
You constrict Sigmund. Sigmund misses you.
You barely miss Sigmund.
Sigmund is severely wounded.
You constrict Sigmund. You hit Sigmund.
Sigmund is severely wounded.
You constrict Sigmund. Sigmund gestures at you while chanting.
The puff of flame hits you!
* * * LOW HITPOINT WARNING * * *
You hit Sigmund.
Sigmund is almost dead.
You constrict Sigmund, but do no damage.
Sigmund completely misses you.
You hit Sigmund but do no damage.
Sigmund is almost dead.
You constrict Sigmund, but do no damage.
You hit Sigmund but do no damage.
Sigmund is almost dead.
You constrict Sigmund, but do no damage.
Sigmund points at you and mumbles some strange words.
The puff of flame hits you.
* * * LOW HITPOINT WARNING * * *
You hit Sigmund but do no damage.
Sigmund is almost dead.
You constrict Sigmund.
Sigmund hits you with a +0 scythe of protection!
You die...
Sigmund begins carving another notch in his scythe.

#############
#<.#.)').#..+
#..'..#..@@.#
#..#####'####
#..# #..#
#..# ####
#..# #⌠⌠#
####


You could see Sigmund.

Vanquished Creatures
  An ogre (D)
  Ijyb (D)
2 creatures vanquished.

Notes
Turn   | Place    | Note
-------+----------+-------------------------------------------
     0 | D        | rocky1 the Octopode Brigand began the quest for the Orb.
     0 | D        | Reached XP level 1. HP: 14/14 MP: 1/1
     2 | D        | Noticed Ijyb
     6 | D        | Killed Ijyb
     7 | D        | Reached skill level 8 in Stealth
     7 | D        | Reached XP level 2. HP: 20/20 MP: 2/2
     7 | D        | Reached XP level 3. HP: 25/25 MP: 3/3
   110 | D        | Noticed an ogre
   115 | D        | Killed an ogre
   116 | D        | Reached skill level 11 in Stealth
   116 | D        | Reached XP level 4. HP: 31/31 MP: 4/4
   270 | D        | Noticed Sigmund
   294 | D        | Mangled by Sigmund

Illustrated notes

Levels and vault maps discovered:
D:        dungeon_sprint_1 [red_sonja_temple_1, red_sonja_temple_small_1]

Skill      XL: |  1  2  3 |
---------------+----------+-----
Dodging        | 2 4 |  4.0
Stealth        | 8 11 | 11.3
Fighting       | 3 |  3.2
Short Blades   | 3 |  3.4
Throwing       | |  2.0

Action                     |  1- 3 |  4- 6 || total
---------------------------+-------+-------++-------
  Melee: Dagger            |     5 |    19 ||    24
         Constrict         |     1 |     1 ||     2
         Tentacles         |     2 |     5 ||     7
    Use: Potion            |     1 |       ||     1
   Stab: Sleeping          |     1 |       ||     1
 Armour: Skin              |       |     6 ||     6
  Dodge: Dodged            |     3 |     8 ||    11

Table legend: (Time is in decaauts)
 A = Elapsed time spent in this place.
 B = Non-inter-level travel time spent in this place.
 C = Inter-level travel time spent in this place.
 D = Time resting spent in this place.
 E = Time spent auto-exploring this place.
 F = Levels seen in this place.
 G = Mean time per level.
                   A        B        C        D        E       F      G
               +--------+--------+--------+--------+--------+-----+--------+
         Total |    300 |    300 |      0 |    253 |      0 |   1 |  300.0 |
       Dungeon |    300 |    300 |      0 |    253 |      0 |   1 |  300.0 |
               +--------+--------+--------+--------+--------+-----+--------+

Top non-repeatable levels by time:
       D: 300 daAuts
